 Dungeon Crawl Stone Soup version 0.30.1-4-g462c640d31 (webtiles) character file.

Game seed: 13872516706409315208

36 Bobit the Conjurer (level 3, -8/25 HPs)
             Began as a Human Conjurer on Aug 11, 2023.
             Killed from afar by Ijyb (17 damage)
             ... with an iceblast
             ... on level 3 of the Dungeon.
             The game lasted 00:02:51 (1566 turns).

Bobit the Conjurer (Human Conjurer)                 Turns: 1566, Time: 00:02:52

Health: -8/25      AC:  2    Str:  7    XL:     3   Next: 57%
Magic:  5/6        EV: 12    Int: 20    God:
Gold:   74         SH:  0    Dex: 11    Spells: 3/6 levels left

rFire   . . .        m - +5 rapier of Eternal Harmony {heavy, *Corrode rN++ SInv}
rCold   . . .        (no shield)
rNeg    + + .        a - +0 robe
rPois   .            (no helmet)
rElec   .            (no cloak)
rCorr   .            (no gloves)
SInv    +            (no boots)
Will    .....        (no amulet)
Stlth   ++           (no ring)
HPRegen 0.24/turn    (no ring)
MPRegen 0.10/turn

%: corrode self (3%)
@: no status effects
A: no striking features
a: no special abilities


You were on level 3 of the Dungeon.
You visited 1 branch of the dungeon, and saw 3 of its levels.

You collected 74 gold pieces.

Inventory:

Hand Weapons
 m - the +5 rapier of Eternal Harmony (weapon) {heavy, *Corrode rN++ SInv}
   (You found it on level 3 of the Dungeon)

   rN:        It greatly protects you from negative energy.
   SInv:      It lets you see invisible.
   *Corrode:  It may corrode you when you take damage.
Armour
 a - a +0 robe (worn)
Jewellery
 h - a ring of positive energy
Scrolls
 e - a scroll of identify {unknown}
 f - a scroll of teleportation {unknown}
 k - a scroll of fear {unknown}
Potions
 b - a potion of magic
 c - 3 potions of mutation {unknown}
 d - 2 potions of heal wounds {unknown}
 g - a potion of attraction {unknown}
 i - a potion of haste {unknown}
 j - a potion of degeneration {unknown}
 l - a potion of invisibility {unknown}


   Skills:
 + Level 0.6 Fighting
 + Level 0.0 Short Blades
 + Level 2.4 Dodging
 - Level 2.6 Stealth
 - Level 2.3 Spellcasting
 - Level 4.2 Conjurations


You had 3 spell levels left.
You knew the following spells:

 Your Spells              Type           Power      Damage    Failure   Level
a - Magic Dart            Conj           76%        1d6       2%          1
b - Searing Ray           Conj           38%        2d5       4%          2

Your spell library contained the following spells:

 Spells                   Type           Power      Damage    Failure   Level
 Dazzling Flash           Conj/Hex       20%        N/A       19%         3
 Fulminant Prism          Conj/Hex       5%         3d7       54%         4
 Iskenderun's Mystic Bla  Conj/Tloc      10%        2d4       54%         4


Dungeon Overview and Level Annotations

Branches:
Dungeon (3/15)

Altars:

Shops:
D:2 (

Annotations:
D:3 Ijyb


Message History

The magic dart hits the dart slug.
The dart slug is almost dead.
You are out of magic!
You are out of magic!
You are out of magic!
You completely miss the dart slug.
The dart slug is almost dead.
The dart slug launches a dart at you. The slug dart hits you.
You hit the dart slug but do no damage.
The dart slug is almost dead.
The dart slug closely misses you.
You hit the dart slug but do no damage.
The dart slug is almost dead.
You hit the dart slug.
The dart slug is almost dead.
The dart slug launches a dart at you. The slug dart misses you.
You hit the dart slug.
You kill the dart slug!
Found a dagger.
You see here the +5 rapier of Eternal Harmony {heavy, *Corrode rN++ SInv}.
m - the +5 rapier of Eternal Harmony {heavy, *Corrode rN++ SInv}
m - the +5 rapier of Eternal Harmony (weapon)
{heavy, *Corrode rN++ SInv}
Okay, then.
No target in view!
You start resting.
Magic restored.
No target in view!
Ijyb the Twisted Goblin comes into view.
She is wielding a +9 club and carrying a wand of iceblast (5).
You see here a bat corpse.
Found a scroll labelled VAOSHE OFESM.
Ijyb shouts!
The magic dart hits Ijyb but does no damage.
You hit Ijyb.
Ijyb is lightly wounded.
Ijyb hits you with a +9 club! x2
Ijyb zaps a wand.
The mass of ice explodes!
The iceblast engulfs you!
Ouch! That really hurt!
You die...

## ... ##########
.... #<.......#
.....
########.####......
#.†@.g......
#)..........
#.........?.
#......#####
#......# ..####...
#### .8.. ...#


You could see Ijyb.

Vanquished Creatures
  An adder (D:2)
  A dart slug (D:3)
  An endoplasm (D:1)
  A giant cockroach (D:2)
  2 goblins (D:2)
  5 hobgoblins
  A quokka (D:2)
  4 ball pythons (D:2)
  3 bats
  5 rats
24 creatures vanquished.

Notes
Turn   | Place    | Note
-------+----------+-------------------------------------------
     0 | D:1      | Bobit the Human Conjurer began the quest for the Orb.
     0 | D:1      | Reached XP level 1. HP: 13/13 MP: 3/3
   581 | D:1      | Reached XP level 2. HP: 19/19 MP: 1/5
   876 | D:2      | Found Vothuy's Weapon Emporium.
   937 | D:2      | Reached XP level 3. HP: 24/24 MP: 2/6
  1456 | D:2      | Learned a level 2 spell: Searing Ray
  1513 | D:3      | Identified the +5 rapier of Eternal Harmony {heavy,
                  | *Corrode rN++ SInv}
  1560 | D:3      | Noticed Ijyb
  1566 | D:3      | Killed from afar by Ijyb

Illustrated notes

Levels and vault maps discovered:
D:1:      matt_arrival_grand_opening, layout_basic, serial_rivers,
          chequers_serial_rivers_micro_c, chequers_serial_rivers_micro_d,
          chequers_serial_rivers_small_3, chequers_serial_rivers_micro_b
D:2:      layout_basic, serial_shops, shop, minmay_misc_feat_doors,
          nrook_mini_vaults
D:3:      layout_basic, mainiacjoe_overflow_boulevard,
          nicolae_ecumenical_oubliette, serial_shops, shop,
          minmay_misc_feat_four_crosses, roderic_roman_lattice, uniq_ijyb

Action                     || total
---------------------------++-------
  Melee: Unarmed           ||     5
         Rapier            ||     1
   Cast: Magic Dart        ||    43
  Dodge: Dodged            ||     3
